 Dungeon Crawl Stone Soup version 0.19-a0-450-g98b348d (webtiles) character file.

30 tyrsky the Sneak (level 3, 0/14 HPs)
             Began as a Felid Venom Mage on June 1, 2016.
             Was an Initiate of Ru.
             Slain by an adder (4 damage)
             ... on level 2 of the Dungeon.
             The game lasted 00:04:01 (1221 turns).

tyrsky the Sneak (Felid Venom Mage)                 Turns: 1221, Time: 00:04:02

Health: 0/14       AC:  1    Str:  7    XL:     3   Next: 5%
Magic:  0/7        EV: 18    Int: 16    God:    Ru [......]
Gold:   41         SH:  0    Dex: 16    Spells: 2 memorised, 3 levels left
                                        Lives:  0   Deaths: 0

rFire  . . .     SeeInvis +       - Unarmed
rCold  . . .     Gourm    .     (armour unavailable)
rNeg   . . .     Faith    .     (shield unavailable)
rPois  .         Spirit   .     (helmet unavailable)
rElec  .         Dismiss  .     (cloak unavailable)
rCorr  .         Reflect  .     (gloves unavailable)
SustAt .         Harm     .     (boots unavailable)
MR     .....                    (no amulet)
Stlth  +++.......               (no ring)
                                (no ring)

@: lethally poisoned (0 -> -5), very slightly contaminated, quick, not resistant
to hostile enchantments, fairly stealthy
A: no armour, no weapons or thrown items, claws 1, fangs 3, see invisible,
carnivore 3, speed 1, shaggy fur 1, slow metabolism 1, strong 1, sharp paws
a: Renounce Religion


You were on level 2 of the Dungeon.
You worshipped Ru.
Ru was noncommittal.
You were not hungry.

You visited 1 branch of the dungeon, and saw 2 of its levels.

You collected 41 gold pieces.

Inventory:

Scrolls
 c - a scroll of blinking {unknown}
 d - 2 scrolls of amnesia {unknown}
 e - a scroll of fog {unknown}
 h - a scroll of remove curse {unknown}
 j - a scroll of enchant weapon {unknown}
Potions
 g - a potion of curing {unknown}
 k - a potion of resistance {unknown}
Books
 a - a Young Poisoner's Handbook

   Spells                             Type                      Level
   a - Sting                          Conjuration/Poison           1
   b - Cure Poison                    Poison                       2
   c - Mephitic Cloud                 Conjuration/Poison/Air       3
   d - Olgreb's Toxic Radiance        Poison                       4
   e - Venom Bolt                     Conjuration/Poison           5
Comestibles
 b - a meat ration
 i - a beef jerky


   Skills:
 - Level 2.6 Dodging
 + Level 3.9 Stealth
 + Level 1.2 Unarmed Combat
 - Level 2.0 Spellcasting
 + Level 1.0 Conjurations
 - Level 3.6 Poison Magic


You had 3 spell levels left.
You knew the following spells:

 Your Spells              Type           Power        Failure   Level  Hunger
a - Sting                 Conj/Pois      #...         10%         1    #......
b - Cure Poison           Pois           ##........   10%         2    ###....


Dungeon Overview and Level Annotations

Branches:
Dungeon (2/15)

Altars:
Ru


Innate Abilities, Weirdness & Mutations

You cannot wear armour.
You are incapable of wielding weapons or throwing items.
You have sharp claws.
You have razor-sharp teeth.
You have supernaturally acute eyesight. (SInv)
You are carnivorous and can eat meat at any time.
You cover ground quickly.
You are covered in fur. (AC +1)
You have a slow metabolism.
Your sharp claws are effective at attacking unaware monsters.
Your muscles are strong. (Str +2)


Message History

Casting: Sting
Confirm with . or Enter, or press ? or * to list all spells.
You don't have enough magic to cast that spell.
Casting: Sting
Confirm with . or Enter, or press ? or * to list all spells.
You don't have enough magic to cast that spell.
Casting: Sting
Confirm with . or Enter, or press ? or * to list all spells.
Aiming: Sting
Press: ? - help, Shift-Dir - straight line, f/p - adder
Aim: an adder (heavily wounded)
The sting hits the adder.
The adder is severely wounded.
You feel sick. The adder bites you. The adder bites you.
* * * LOW HITPOINT WARNING * * *
It was a potion of beneficial mutation.
You feel stronger.
You feel fantastic!
You feel sick. The adder bites you.
You die...

#..##########.....#.#
##_#
#..........######.#.#
###
#....#.##.######.#.#
####....g..h.†...#.
#..###.#####..#
#####..###.# #..#
...........# #..#
#####..###.# #..#
#......###.# #h.#
#.###.###..# #S.# #.#
#..# #..#
#.###..#####..#
#......g......#
#####..######..# #..#
.## #..# #. #.?# #.


You could see an adder.

Vanquished Creatures
  An ooze (D:2)
  A dart slug (D:1)
  2 bats
  3 hobgoblins
  5 jackals (D:2)
  3 kobolds (D:1)
  A quokka (D:2)
  4 giant newts (D:2)
  A goblin (D:1)
  2 rats
23 creatures vanquished.

Notes
Turn   | Place    | Note
--------------------------------------------------------------
     0 | D:1      | tyrsky the Felid Venom Mage began the quest for the Orb.
     0 | D:1      | Reached XP level 1. HP: 7/7 MP: 4/4
   493 | D:1      | Reached XP level 2. HP: 11/11 MP: 4/6
   497 | D:1      | Learned a level 2 spell: Cure Poison
   663 | D:2      | Reached skill level 1 in Unarmed Combat
   907 | D:2      | Reached skill level 1 in Conjurations
  1129 | D:2      | Found a sacrificial altar of Ru.
  1134 | D:2      | Became a worshipper of Ru the Awakened
  1183 | D:2      | Reached XP level 3. HP: 13/14 MP: 3/7
  1221 | D:2      | Gained mutation: Your muscles are strong. (Str +2) [potion of beneficial mutation]
  1221 | D:2      | Slain by an adder

Vault maps used:
D:1:      minmay_arrival_shattered_statue
D:2:      marbit_many_paths, uniq_crazy_yiuf_cottage

Skill      XL: |  1  2 |
---------------+-------+-----
Stealth        | 3 |  3.9
Unarmed Combat | 1 |  1.2
Conjurations   | 1 |  1.0
Dodging        | |  2.6
Spellcasting   | |  2.0
Poison Magic   | |  3.6

Action                   || total
-------------------------++-------
Melee: Unarmed           ||    14
 Cast: Sting             ||    47
  Use: Potion            ||     1
 Stab: Sleeping          ||     6
Armor: Skin              ||     6
Dodge: Dodged            ||    46
